 Dungeon Crawl Stone Soup version 0.28-a0-533-g9f97627e2a (webtiles) character file.

Game seed: 3542148570848751623

116004 Conn the Scorcher (level 16, -4/151 HPs)
             Began as an Octopode Fire Elementalist on Sept 24, 2021.
             Was a High Priest of Sif Muna.
             Slain by an acid blob (41 damage)
             ... on level 6 of the Lair of Beasts on Sept 25, 2021.
             The game lasted 01:52:07 (37174 turns).

Conn the Scorcher (Octopode Fire Elementalist)     Turns: 37174, Time: 01:52:08

Health: -4/151     AC: -13   Str:  8    XL:     16   Next: 70%
Magic:  31/31      EV: 25    Int: 25    God:    Sif Muna [*****.]
Gold:   2051       SH:  5    Dex: 28    Spells: 5/38 levels left

rFire   + + .      SeeInvis .   H - +9 hand axe "Umeuthriem" {elec, *Rage rC+ Int+2 Dex+3}
rCold   . . .      Faith    .   (no shield)
rNeg    + . .      Spirit   .   y - +2 hat
rPois   .          Reflect  +   E - amulet of reflection
rElec   .          Harm     .   h - +6 ring of dexterity
rCorr   .          Rampage  .   K - ring of willpower
Will    +++..      Rage     20% P - +4 ring of protection
Stlth   ..........              R - ring of fire
HPRegen 0.35/turn               V - +6 ring of dexterity
MPRegen 0.22/turn               I - ring "Julutott" {rN+ EV+4}
                                M - ring of protection from cold
                                Q - ring of fire

@: berserking, corroded, very quick
A: almost no armour, amphibious, 8 rings, camouflage 1, gelatinous body 1,
(nimble swimmer 1), tentacles, strong-willed 1, robust 1
a: Renounce Religion, Channel Magic, Forget Spell, Divine Exegesis


You were on level 6 of the Lair of Beasts.
You worshipped Sif Muna.
Sif Muna was extremely pleased with you.
You visited 4 branches of the dungeon, and saw 22 of its levels.
You also visited: Sewer.

You collected 4050 gold pieces.
You spent 1999 gold pieces at shops.

Inventory:

Hand Weapons
 b - a +3 short sword of speed
 H - the +9 hand axe "Umeuthriem" (weapon) {elec, *Rage rC+ Int+2 Dex+3}
   (You bought it in a shop on level 2 of the Orcish Mines)

   It occasionally discharges a powerful burst of electricity upon striking a
   foe.
   Int:       It affects your intelligence (+2).
   Dex:       It affects your dexterity (+3).
   rC:        It protects you from cold.
   *Rage:     It lets you go berserk by making a melee attack (+20% chance).
Missiles
 o - 4 throwing nets
 r - 10 curare-tipped darts (quivered)
Armour
 y - a +2 hat (worn)
Magical Staves
 a - a staff of fire
 F - a staff of air
 N - a staff of poison
 X - a staff of conjuration
Jewellery
 h - a +6 ring of dexterity (left tentacle)
 l - a ring of wizardry
 m - an amulet of the acrobat
 E - an amulet of reflection (around mantle)
 I - the ring "Julutott" (on tentacle) {rN+ EV+4}
   (You bought it in a shop on level 6 of the Dungeon)

   [ring of evasion]

   EV:        It affects your evasion (+4).
   rN:        It protects you from negative energy.
 J - an amulet of faith
 K - a ring of willpower (right tentacle)
 L - an amulet of magic regeneration
 M - a ring of protection from cold (on tentacle)
 P - a +4 ring of protection (on tentacle)
 Q - a ring of fire (on tentacle)
 R - a ring of fire (on tentacle)
 V - a +6 ring of dexterity (on tentacle)
 W - a ring of flight
Wands
 B - a wand of flame (12)
 D - a wand of iceblast (21)
 O - a wand of digging (5)
 S - a wand of acid (7)
 T - a wand of mindburst (1)
 Y - a wand of charming (12)
Scrolls
 e - 3 scrolls of identify
 j - 2 scrolls of magic mapping
 k - a scroll of summoning
 n - 12 scrolls of teleportation
 q - 2 scrolls of enchant weapon
 t - 7 scrolls of fog
 u - 3 scrolls of fear
 G - 2 scrolls of enchant armour
 U - a scroll of immolation
 Z - 2 scrolls of blinking
Potions
 c - 2 potions of cancellation
 f - 5 potions of lignification
 g - 2 potions of berserk rage
 i - 12 potions of curing
 p - a potion of haste
 s - a potion of mutation
 v - a potion of ambrosia
 w - 5 potions of flight
 x - 7 potions of might
 z - 2 potions of resistance
 A - a potion of heal wounds
 C - 4 potions of brilliance
Miscellaneous
 d - a phial of floods


   Skills:
 + Level 2.8 Fighting
 + Level 1.5(1.8) Short Blades
 + Level 1.3(1.7) Long Blades
 + Level 2.3 Axes
 + Level 2.3 Staves
 + Level 8.1 Dodging
 + Level 6.3 Stealth
 + Level 6.5 Shields
 + Level 0.2 Unarmed Combat
 + Level 11.6 Spellcasting
 * Level 13.3 Conjurations
 - Level 3.2 Hexes
 - Level 5.3 Summonings
 * Level 15.1 Fire Magic
 + Level 4.2 Ice Magic
 + Level 6.2 Air Magic
 + Level 5.6 Invocations
 + Level 0.3 Evocations


You had 5 spell levels left.
You knew the following spells:

 Your Spells              Type           Power      Damage    Failure   Level
a - Foxfire               Conj/Fire      100%       2x1d9     0%          1
b - Conjure Flame         Conj/Fire      100%       6-21      1%          3
c - Inner Flame           Hex/Fire       94%        N/A       1%          3
d - Flame Wave            Conj/Fire      100%       3d16      1%          4
e - Ozocubu's Armour      Ice            35%        N/A       2%          3
f - Fireball              Conj/Fire      57%        3d22      1%          5
g - Airstrike             Air            22%        N/A       3%          4
h - Starburst             Conj/Fire      57%        6d15      1%          6
i - Hailstorm             Conj/Ice       55%        3d12      1%          4

Your spell library contained the following spells:

 Spells                   Type           Power      Damage    Failure   Level
 Scorch                   Fire           100%       2d10      0%          2
 Shock                    Conj/Air       100%       1d9       1%          1
 Poisonous Vapours        Pois/Air       60%        N/A       1%          2
 Slow                     Hex            30%        N/A       1%          2
 Call Canine Familiar     Summ           41%        N/A       1%          3
 Swiftness                Air            45%        N/A       1%          3
 Frozen Ramparts          Ice            70%        1d9       2%          3
 Confusing Touch          Hex            30%        N/A       3%          3
 Summon Lightning Spire   Summ/Air       43%        N/A       3%          4
 Sting                    Tmut/Pois      56%        1d5       4%          1
 Sublimation of Blood     Necr           7%         N/A       6%          2
 Wereblood                Tmut           14%        N/A       6%          2
 Portal Projectile        Hex/Tloc       44%        N/A       6%          3
 Summon Ice Beast         Ice/Summ       38%        N/A       6%          4
 Irradiate                Conj/Tmut      24%        3d21      8%          5
 Cause Fear               Hex            15%        N/A       11%         4
 Summon Mana Viper        Hex/Summ       35%        N/A       21%         5
 Leda's Liquefaction      Hex/Erth       11%        N/A       22%         4
 Olgreb's Toxic Radiance  Pois           14%        N/A       38%         4
 Yara's Violent Unravell  Hex/Tmut       11%        3d6       52%         5
 Blade Hands              Tmut           7%         N/A       75%         5
 Borgnjor's Vile Clutch   Necr/Erth      7%         N/A       75%         5
 Iron Shot                Conj/Erth      24%        9d5       38%         6
 Ignition                 Fire           58%        3d16      50%         8
 Summon Cactus Giant      Summ           20%        N/A       58%         6
 Monstrous Menagerie      Summ           20%        N/A       99%         7
 Ozocubu's Refrigeration  Ice            17%        4d8       99%         7
 Summon Hydra             Summ           20%        N/A       99%         7
 Dragon Form              Tmut           7%         N/A       100%        7
 Storm Form               Tmut/Air       15%        N/A       100%        7
 Discord                  Hex            15%        N/A       100%        8
 Maxwell's Capacitive Co  Air            22%        ∞         100%        8
 Polar Vortex             Ice            17%        N/A       100%        9


Dungeon Overview and Level Annotations

Branches:
Dungeon (13/15)            Temple (1/1) D:4            Lair (6/6) D:11
  Swamp (0/4) Lair:3        Snake (0/4) Lair:2        Slime (0/5) Lair:6
    Orc (2/2) D:9             Elf (0/3) Orc:2         Sewer (visited)
 Vaults: D:13-14

Altars:
Ashenzari
Cheibriados
Dithmenos
Elyvilon
Fedhas
Gozag
Hepliaklqana
Kikubaaqudgha
Makhleb
Nemelex Xobeh
Okawaru
Qazlal
Ru
Sif Muna
Trog
Uskayaw
Vehumet
Wu Jian
Xom
Yredelemnul
Zin
The Shining One
Jiyva

Shops:
D:6 *=   D:10 :   Orc:2 *?(([


Innate Abilities, Weirdness & Mutations

You cannot wear most types of armour.
You are amphibious.
You can wear up to eight rings at the same time.
Your skin changes colour to match your surroundings (Stealth+).
Your rubbery body absorbs attacks. (AC +1, EV +1)
((You are camouflaged near water. (Stealth+)))
You have tentacles for arms and can constrict up to eight enemies at once.
You are strong-willed. (Will+)
You are robust. (+10% HP)


Message History

The acid blob is heavily wounded.
The acid blob spits acid at you. The splash of acid hits you!!
Unknown command.
You hit the acid blob.
Lightning courses through the acid blob!
Your tentacles burn!
The acid blob is heavily wounded.
The acid blob closely misses you.
You barely miss the acid blob.
The acid blob is heavily wounded.
The acid blob spits acid at you. The splash of acid hits you!!
The acid corrodes you!
Unknown command.
You slash the acid blob!
Your tentacles burn!
* * * LOW HITPOINT WARNING * * *
You squeeze the acid blob, but do no damage.
The acid blob is severely wounded.
The acid blob spits acid at you. The splash of acid misses you.
Unknown command.
You hit the acid blob.
Lightning courses through the acid blob!
Your tentacles burn!
* * * LOW HITPOINT WARNING * * *
The acid blob is almost dead.
The acid blob misses you.
Unknown command.
You hit the acid blob.
Your tentacles burn!
* * * LOW HITPOINT WARNING * * *
The acid blob is almost dead.
The acid blob spits acid at you. The splash of acid misses you.
Unknown command.
You hit the acid blob. The acid corrodes you!
Your tentacles burn!
* * * LOW HITPOINT WARNING * * *
You squeeze the acid blob!
The acid blob is almost dead.
The acid blob hits you!!!
You die...

#..#.......#.
##...........P
#.....#.##....
#..##..##....# ##
#..######...## #.######..#
#....## # #..#...#..#
##..##.
.#P###P.'_.>#..######...#.
#...PP..#@J.##.##....#..##
........#####........#.##.
.#.P.......##.....P......#
##.P........#............
###.....................
#....................).
#.#....##............#.
#####.####..........#.#
##.#.#...##.#....###


You could see an acid blob.

Vanquished Creatures
  Gastronok (D:9)
  Snorg (Lair:4)
  The ghost of Vate the Blocker, a journeyman GnFi of Okawaru (D:12)
  Josephine (Orc:1)
  Harold (Lair:2)
  A boulder beetle (Lair:4)
  8 hydras
  A catoblepas (Lair:4)
  10 two-headed ogres
  6 death yaks
  Urug (D:12)
  5 orc high priests (Orc:2)
  The ghost of Welzeim the Cleaver, a novice MiFi of Ru (D:8)
  Nergalle (Lair:4)
  Pikel (D:9)
  A lindwurm (Lair:5)
  A deep elf pyromancer (D:12)
  10 orc knights
  A wolf spider (Lair:6)
  An oklob plant (Lair:4)
  2 cyclopes
  Maurice (Orc:1)
  2 manticores
  A guardian serpent (D:11)
  Joseph (D:9)
  12 black mambas
  20 cane toads
  A torpor snail (Lair:2)
  9 rime drakes
  2 unseen horrors
  9 komodo dragons
  9 polar bears (Lair:6)
  4 trolls
  Prince Ribbit (D:9)
  10 blink frogs
  8 slime creatures (D:12)
  5 dream sheep
  2 raiju (Lair:6)
  Sigmund (D:2)
  A shadow (D:10)
  7 wraiths
  63 yaks
  10 wyverns
  8 basilisks
  3 hogs (D:7)
  3 vampire mosquitoes (D:11)
  A human (D:7)
  8 wargs
  2 acid dragons
  4 nagas (Lair:2)
  13 water moccasins
  16 hell hounds
  8 ice beasts
  38 orc warriors
  2 sky beasts (D:7)
  13 black bears
  5 ogres
  5 centaurs
  14 wolves
  A lemure (D:9)
  A phantom (D:5)
  11 kobold brigands
  Blork the orc (D:6)
  14 bullfrogs
  A gnoll sergeant (D:7)
  A wyvern zombie (D:7)
  A scorpion (D:4)
  A water moccasin zombie (D:5)
  A water moccasin skeleton (D:4)
  A hornet simulacrum (D:8)
  6 killer bees (D:8)
  5 wights (D:5)
  2 electric eels
  A howler monkey (D:6)
  3 bullfrog zombies
  3 centaur zombies
  4 jellies
  2 centaur skeletons (D:7)
  34 orc priests
  3 hounds
  4 iguanas
  4 hell rats (Lair:5)
  18 orc wizards
  2 killer bee zombies
  A hound skeleton (D:4)
  A killer bee simulacrum (D:8)
  A howler monkey zombie (D:9)
  A howler monkey skeleton (D:7)
  3 gnolls (D:7)
  11 adders
  3 river rats
  A howler monkey simulacrum (D:8)
  4 white imps (D:8)
  2 ufetubi (D:6)
  4 worms
  80 orcs
  15 endoplasms
  7 giant cockroaches
  7 goblins
  10 hobgoblins
  2 jackals (D:1)
  6 quokkas
  5 ball pythons
  11 bats
  4 frilled lizards
  A jackal skeleton (D:4)
  21 kobolds
  15 rats
719 creatures vanquished.

Vanquished Creatures (collateral kills)
  A slime creature (D:12)
  A jelly (D:12)
  14 foxfires
16 creatures vanquished.

Vanquished Creatures (others)
  A bullfrog (Lair:5)
  2 orcs (Orc:1)
  2736 foxfires
  47 fungi
  74 plants
  A toadstool (D:13)
2861 creatures vanquished.

Grand Total: 3596 creatures vanquished

Notes
Turn   | Place    | Note
-------+----------+-------------------------------------------
     0 | D:1      | Conn the Octopode Fire Elementalist began the quest for the
                  | Orb.
     0 | D:1      | Reached XP level 1. HP: 11/11 MP: 3/3
   363 | D:1      | Reached XP level 2. HP: 17/17 MP: 3/5
   966 | D:1      | Reached XP level 3. HP: 21/21 MP: 0/6
  1311 | D:1      | Learned a level 3 spell: Conjure Flame
  1987 | D:2      | Noticed Sigmund
  2031 | D:3      | Reached XP level 4. HP: 24/27 MP: 4/7
  2070 | D:3      | Found a glowing drain.
  2075 | Sewer    | Entered a sewer
  2140 | Sewer    | Noticed a kobold brigand
  2140 | Sewer    | Noticed a kobold brigand
  2159 | Sewer    | Killed a kobold brigand
  2160 | Sewer    | Reached XP level 5. HP: 3/31 MP: 1/9
  2173 | Sewer    | Killed a kobold brigand
  2174 | Sewer    | Reached skill level 4 in Fire Magic
  2174 | Sewer    | Reached XP level 6. HP: 12/37 MP: 0/10
  2518 | Sewer    | Reached skill level 1 in Long Blades
  2872 | Sewer    | Reached XP level 7. HP: 42/42 MP: 4/11
  3237 | Sewer    | Reached skill level 5 in Fire Magic
  3386 | D:3      | Reached skill level 1 in Fighting
  4652 | D:2      | Killed Sigmund
  4653 | D:2      | Reached skill level 1 in Short Blades
  4653 | D:2      | Reached XP level 8. HP: 48/48 MP: 7/13
  4762 | D:2      | Learned a level 3 spell: Inner Flame
  4767 | D:2      | Learned a level 4 spell: Flame Wave
  4771 | D:2      | Learned a level 3 spell: Ozocubu's Armour
  4814 | D:2      | Found a blossoming altar of Fedhas.
  5073 | D:4      | Reached skill level 5 in Stealth
  5199 | D:4      | Reached skill level 5 in Conjurations
  5209 | D:4      | Reached skill level 1 in Hexes
  5311 | D:4      | Reached skill level 1 in Ice Magic
  5428 | D:4      | Found a staircase to the Ecumenical Temple.
  5437 | Temple   | Entered the Ecumenical Temple
  5563 | Temple   | Became a worshipper of Sif Muna the Loreminder
  5791 | D:4      | Reached skill level 6 in Fire Magic
  6270 | D:5      | Entered Level 5 of the Dungeon
  6589 | D:5      | Reached XP level 9. HP: 53/53 MP: 10/15
  6778 | D:5      | Found a transporter.
  6960 | D:5      | Noticed a two-headed ogre
  6977 | D:5      | Killed a two-headed ogre
  6978 | D:5      | Reached skill level 7 in Fire Magic
  7147 | D:5      | Found a transporter.
  7339 | D:5      | Reached skill level 5 in Spellcasting
  8526 | D:6      | Found Tonysa's Neck Hole.
  8700 | D:6      | Noticed Blork the orc
  8705 | D:6      | Killed Blork the orc
  8706 | D:6      | Reached skill level 8 in Fire Magic
  8770 | D:6      | Found a shadowy altar of Dithmenos.
  8877 | D:6      | Reached * piety under Sif Muna
  8941 | D:6      | Found Serghoez's Jewellery Shop.
  9229 | D:6      | Reached skill level 1 in Staves
  9229 | D:6      | Reached XP level 10. HP: 58/58 MP: 11/18
  9919 | D:7      | Reached skill level 1 in Invocations
 10716 | D:7      | Reached skill level 9 in Fire Magic
 11148 | D:8      | Reached ** piety under Sif Muna
 11508 | D:8      | Found a runed translucent gate.
 11508 | D:8      | Found a runed translucent gate.
 11508 | D:8      | Found a runed translucent gate.
 11648 | D:8      | Found a sacrificial altar of Ru.
 11677 | D:8      | Noticed Welzeim's ghost (novice MiFi)
 12158 | D:8      | Killed Welzeim's ghost
 12448 | D:9      | Killed an unseen horror
 12648 | D:9      | Gained mutation: You are occasionally teleported next to
                  | monsters. [potion of mutation]
 12648 | D:9      | Gained mutation: One of your tentacles bears a spike.
                  | [potion of mutation]
 12648 | D:9      | Gained mutation: You are frail. (-10% HP) [potion of
                  | mutation]
 12648 | D:9      | Lost mutation: You are frail. (-10% HP) [potion of
                  | mutation]
 12649 | D:9      | Lost mutation: You are occasionally teleported next to
                  | monsters. [potion of mutation]
 12649 | D:9      | Lost mutation: One of your tentacles bears a spike. [potion
                  | of mutation]
 12649 | D:9      | Gained mutation: You are robust. (+10% HP) [potion of
                  | mutation]
 12649 | D:9      | Gained mutation: You are strong-willed. (Will+) [potion of
                  | mutation]
 12766 | D:9      | Reached XP level 11. HP: 70/70 MP: 10/20
 12937 | D:9      | Noticed Pikel
 12951 | D:9      | Killed Pikel
 13038 | D:9      | Noticed Joseph
 13045 | D:9      | Killed Joseph
 13284 | D:9      | Found a snail-covered altar of Cheibriados.
 13287 | D:9      | Noticed Gastronok
 13302 | D:9      | Killed Gastronok
 13303 | D:9      | Reached skill level 10 in Fire Magic
 13319 | D:9      | Noticed a two-headed ogre
 13327 | D:10     | Entered Level 10 of the Dungeon
 13795 | D:9      | Noticed a two-headed ogre
 13802 | D:9      | Killed a two-headed ogre
 13816 | D:9      | Noticed Prince Ribbit
 13821 | D:9      | Killed Prince Ribbit
 13854 | D:9      | Noticed a two-headed ogre
 13915 | D:9      | Found a glowing golden altar of the Shining One.
 13915 | D:9      | Found an ancient bone altar of Kikubaaqudgha.
 13915 | D:9      | Found a sparkling altar of Nemelex Xobeh.
 14293 | D:9      | Killed a two-headed ogre
 14351 | D:9      | Found a staircase to the Orcish Mines.
 14393 | D:9      | Killed a two-headed ogre
 14701 | D:9      | Noticed a two-headed ogre
 14727 | D:9      | Killed a two-headed ogre
 14875 | D:6      | Bought a ring of wizardry for 360 gold pieces
 14881 | D:6      | Learned a level 4 spell: Summon Lightning Spire
 15168 | D:10     | Reached skill level 1 in Summonings
 15173 | D:10     | Reached *** piety under Sif Muna
 15332 | D:10     | Found Qahom's Book Emporium.
 15539 | D:10     | Reached XP level 12. HP: 77/77 MP: 1/23
 15548 | D:10     | Reached skill level 1 in Air Magic
 15726 | D:10     | Reached skill level 11 in Fire Magic
 16327 | D:11     | Reached skill level 5 in Invocations
 16800 | D:11     | Found a staircase to the Lair.
 16817 | D:11     | Noticed a six-headed hydra
 16831 | D:11     | Killed a six-headed hydra
 16992 | D:11     | Reached skill level 10 in Conjurations
 17255 | D:11     | Noticed a two-headed ogre
 17290 | D:11     | Killed a two-headed ogre
 17468 | D:11     | Learned a level 4 spell: Airstrike
 17682 | D:11     | Identified a scroll of acquirement
 17682 | D:11     | Acquired 1176 gold pieces
 17797 | D:6      | Bought an amulet of reflection for 360 gold pieces
 17797 | D:6      | Bought the ring "Julutott" {rN+ EV+4} for 566 gold pieces
 17797 | D:6      | Bought a ring of protection from cold for 300 gold pieces
 17851 | Orc:1    | Entered Level 1 of the Orcish Mines
 18042 | Orc:1    | Noticed Josephine
 18043 | Orc:1    | Noticed Maurice
 18054 | Orc:1    | Killed Josephine
 18060 | Orc:1    | Killed Maurice
 18061 | Orc:1    | Reached **** piety under Sif Muna
 19080 | Orc:2    | Entered Level 2 of the Orcish Mines
 19102 | Orc:2    | Found Piubaaler's General Store.
 19333 | Orc:2    | Reached ***** piety under Sif Muna
 19334 | Orc:2    | Reached skill level 12 in Fire Magic
 19334 | Orc:2    | Reached XP level 13. HP: 81/81 MP: 7/26
 19358 | Orc:2    | Received a gift from Sif Muna
 19500 | Orc:1    | Learned a level 6 spell: Summon Cactus Giant
 19519 | Orc:2    | Found a staircase to the Elven Halls.
 19749 | Orc:2    | Bought a scroll of teleportation for 33 gold pieces
 20029 | Orc:2    | Reached skill level 1 in Shields
 20165 | Orc:2    | Got Daihoi's Disquisition on the Ashen Glacier {god gift}
 22192 | Orc:2    | Found Wiky's Armour Shoppe.
 22195 | Orc:2    | Found Yryorut's Antique Weapon Shoppe.
 22196 | Orc:2    | Found Jaeghiu's Magic Scroll Shoppe.
 22197 | Orc:2    | Found Micih's Weapon Emporium.
 22206 | Orc:2    | Bought a crude hand axe for 304 gold pieces
 22206 | Orc:2    | Identified the +9 hand axe "Umeuthriem" {elec, *Rage rC+
                  | Int+2 Dex+3} (You bought it in a shop on level 2 of the
                  | Orcish Mines)
 23121 | D:12     | Received a gift from Sif Muna
 23214 | D:12     | Reached skill level 5 in Summonings
 23436 | D:12     | Reached skill level 13 in Fire Magic
 23494 | D:12     | Found a runed translucent gate.
 23495 | D:12     | Found a runed translucent gate.
 23496 | D:12     | Found a runed translucent gate.
 23500 | D:12     | Noticed Vate's ghost (journeyman GnFi)
 23517 | D:12     | Found a viscous altar of Jiyva.
 24393 | D:12     | Noticed Urug
 24402 | D:12     | Killed Urug
 24403 | D:12     | Reached XP level 14. HP: 89/89 MP: 16/27
 24708 | D:12     | Learned a level 4 spell: Hailstorm
 25246 | D:12     | Killed Vate's ghost
 25630 | Lair:1   | Entered Level 1 of the Lair of Beasts
 25846 | Lair:1   | Reached skill level 5 in Air Magic
 26160 | Lair:1   | Reached skill level 10 in Spellcasting
 26270 | Lair:1   | Reached skill level 5 in Dodging
 27117 | Lair:2   | Found a staircase to the Snake Pit.
 27977 | Lair:2   | Noticed Harold
 27989 | Lair:2   | Killed Harold
 29632 | Lair:3   | Found a staircase to the Swamp.
 29640 | Lair:3   | Received a gift from Sif Muna
 30351 | Orc:2    | Bought a scroll of amnesia for 38 gold pieces
 30359 | Orc:2    | Learned a level 5 spell: Fireball
 30360 | Orc:2    | Bought a scroll of amnesia for 38 gold pieces
 30369 | Orc:2    | Learned a level 6 spell: Starburst
 30584 | Lair:4   | Reached skill level 14 in Fire Magic
 30955 | Lair:4   | Noticed Nergalle
 30969 | Lair:4   | Killed Nergalle
 31200 | Lair:4   | Noticed Snorg
 31211 | Lair:4   | Killed Snorg
 31655 | Lair:4   | Reached XP level 15. HP: 75/94 MP: 21/29
 32110 | Lair:4   | Reached XP level 16. HP: 100/100 MP: 30/30
 33773 | Lair:6   | Entered Level 6 of the Lair of Beasts
 35795 | Lair:5   | Reached skill level 15 in Fire Magic
 36150 | Lair:6   | Reached skill level 1 in Axes
 37158 | Lair:6   | Found a runed translucent door.
 37158 | Lair:6   | Found a viscous altar of Jiyva.
 37159 | Lair:6   | Found a staircase to the Slime Pits.
 37159 | Lair:6   | Noticed an acid blob
 37174 | Lair:6   | Slain by an acid blob

Illustrated notes

Levels and vault maps discovered:
D:1:      roderic_crop_circles_arrival_small, layout_basic, nrook_loot_triangle,
          minmay_tetromino_t2
D:2:      layout_basic, basic_altar, uniq_sigmund
D:3:      layout_basic, lightli_sewer_entry_pipes, minmay_puff
D:4:      layout_rooms, minmay_temple_entry_large_hall, minmay_crystal_water
D:5:      gammafunk_cloud_chamber, layout_basic, patterned_corridor
D:6:      layout_rooms, nicolae_dithmenos_through_a_glass_darkly, serial_shops,
          nicolae_take_the_stairs, minmay_liquid_box, minivault_1,
          nicolae_shop_sticking_my_neck_out, uniq_blork_the_orc
D:7:      layout_rooms, dk_noncrumbling_3, grunt_livestock
D:8:      layout_loops_ring, nicolae_ru_path_of_blood, gammafunk_ghost_icy
D:9:      layout_loops_corners, cheibriados_altar_1,
          chequers_temple_overflow_statue_of_worship, orc_0_dummy,
          uniq_gastronok, uniq_joseph, uniq_pikel, uniq_prince_ribbit1
D:10:     layout_stronghold, serial_rivers, chequers_serial_rivers_micro_b,
          chequers_serial_rivers_room_a, chequers_serial_rivers_room_b,
          chequers_serial_rivers_micro_e, serial_shops,
          nicolae_shop_competitors_out_of_business, chequers_big_river,
          chequers_serial_rivers_micro_c, st_stairs_1
D:11:     layout_loops_ring, lair_entry_dummy, nrook_guardian_serpent_double
D:12:     layout_basic, gammafunk_ghost_ooze, uniq_urug
D:13:     layout_stronghold, minmay_gold_behind_fungi,
          hangedman_abyss_or_decor_clamps
Temple:   nicolae_temple_elliptical
Lair:1:   layout_regular_city
Lair:2:   layout_concentric_octagons, minmay_snake_entry_guardpost_small,
          lemuel_fruit_fields, infiniplex_staircase_pool, serial_bayou_shore_a,
          serial_bayou_shore_b, uniq_harold
Lair:3:   layout_misc_corridors, swamp_mist_pool, grunt_forest_small_clearings
Lair:4:   nzn_winding_woodlands_small [nzn_winding_woodlands_5x15_zeroes,
          nzn_winding_woodlands_center_triple_pond,
          nzn_winding_woodlands_5x15_split_checker], layout_regular_city,
          uniq_nergalle, uniq_snorg
Lair:5:   statuecave_lemuel, layout_hall_layers, special_room
          [special_room_mythical_zoo]
Lair:6:   hangedman_lair_caniforms_friends, layout_loops_ring, slime_altar_2,
          eino_small_chamber_without_monster
Orc:1:    layout_caves, uniq_josephine, uniq_maurice
Orc:2:    st_orc_pillars, layout_caves, serial_shops, nicolae_shop_crystal,
          mines_bat_river

Skill      XL: |  1  2  3  4  5  6  7  8  9 10 11 12 13 14 15 16 |
---------------+-------------------------------------------------+-----
Stealth        | 3 4 5 6 |  6.3
Conjurations   | 2 3 4 5 7 8 9 10 11 12 13 | 13.3
Fire Magic     | 4 5 6 8 9 10 12 13 14 15 | 15.1
Long Blades    | 1 |  1.3
Spellcasting   | 3 4 5 6 7 9 10 11 | 11.6
Fighting       | 1 2 |  2.8
Short Blades   | 1 |  1.5
Hexes          | 1 3 |  3.2
Ice Magic      | 1 3 4 |  4.2
Staves         | 1 2 |  2.3
Invocations    | 3 4 5 |  5.6
Dodging        | 3 4 6 7 8 |  8.1
Summonings     | 1 4 5 |  5.3
Air Magic      | 3 4 5 6 |  6.2
Shields        | 3 4 6 |  6.5
Axes           | 2 |  2.3
Unarmed Combat | |  0.2
Evocations     | |  0.3

Action                   |  1- 3 |  4- 6 |  7- 9 | 10-12 | 13-15 | 16-18 || total
-------------------------+-------+-------+-------+-------+-------+-------++-------
Melee: Unarmed           |     5 |       |       |       |       |       ||     5
       Constrict         |     6 |     4 |    11 |    10 |    17 |    20 ||    68
       Tentacles         |     6 |     2 |     7 |    14 |    28 |    33 ||    90
       Dagger            |    14 |       |       |       |       |       ||    14
       Triple sword      |     4 |     6 |       |       |       |       ||    10
       Short sword       |       |     2 |    30 |     7 |     1 |       ||    40
       Staff             |       |       |    11 |    45 |    86 |     1 ||   143
       Hand axe          |       |       |       |       |       |    90 ||    90
       Punch             |       |       |       |       |       |     1 ||     1
Throw: Dart              |       |       |       |     1 |     2 |       ||     3
 Cast: Foxfire           |    56 |    51 |   277 |   417 |   631 |   176 ||  1608
       Inner Flame       |       |       |     2 |    47 |   122 |    35 ||   206
       Flame Wave        |       |       |     2 |    20 |    22 |    10 ||    54
       Conjure Flame     |       |       |     1 |    13 |     5 |       ||    19
       Ozocubu's Armour  |       |       |     1 |     8 |     5 |     2 ||    16
       Summon Lightning  |       |       |       |     6 |     6 |       ||    12
       Summon Cactus Gia |       |       |       |       |     2 |       ||     2
       Airstrike         |       |       |       |       |     8 |    16 ||    24
       Fireball          |       |       |       |       |     7 |     4 ||    11
       Hailstorm         |       |       |       |       |     3 |       ||     3
       Starburst         |       |       |       |       |       |     4 ||     4
Invok: Channel Magic     |       |       |       |     1 |     3 |     2 ||     6
Evoke: Wand              |       |       |       |     1 |     8 |       ||     9
  Use: Potion            |       |     1 |     1 |     4 |     4 |       ||    10
       Scroll            |       |       |       |    28 |     6 |     2 ||    36
 Stab: Sleeping          |     4 |     1 |     5 |     2 |     1 |     1 ||    14
       Distracted        |       |       |     1 |       |     1 |     1 ||     3
Armor: Skin              |     1 |     2 |     7 |    40 |    29 |    31 ||   110
Dodge: Dodged            |    18 |    12 |    51 |   154 |   177 |   253 ||   665
Block: Other             |       |       |       |    13 |    56 |    49 ||   118
       Reflection        |       |       |       |     5 |     2 |       ||     7

Table legend: (Time is in decaauts)
 A = Elapsed time spent in this place.
 B = Non-inter-level travel time spent in this place.
 C = Inter-level travel time spent in this place.
 D = Time resting spent in this place.
 E = Time spent auto-exploring this place.
 F = Levels seen in this place.
 G = Mean time per level.
                   A        B        C        D        E       F      G
               +--------+--------+--------+--------+--------+-----+--------+
         Total |  37368 |  36416 |    952 |   7021 |  21222 |  23 | 1624.7 |
       Dungeon |  20205 |  19665 |    540 |   3316 |  11779 |  13 | 1554.2 |
        Temple |    155 |    142 |     13 |      0 |     94 |   1 |  155.0 |
          Lair |  11461 |  11223 |    238 |   2539 |   6696 |   6 | 1910.2 |
  Orcish Mines |   4270 |   4110 |    160 |    892 |   1943 |   2 | 2135.0 |
         Sewer |   1274 |   1274 |      0 |    274 |    710 |   1 | 1274.0 |
               +--------+--------+--------+--------+--------+-----+--------+

Top non-repeatable levels by time:
   Orc:2: 3090 daAuts
  Lair:6: 2430 daAuts
  Lair:5: 2360 daAuts
     D:9: 2314 daAuts
    D:12: 2307 daAuts
    D:11: 2208 daAuts
     D:5: 2193 daAuts
  Lair:2: 1891 daAuts
     D:8: 1799 daAuts
  Lair:4: 1771 daAuts
    D:10: 1756 daAuts
  Lair:1: 1520 daAuts
     D:1: 1505 daAuts
  Lair:3: 1487 daAuts
     D:7: 1419 daAuts
